[Event "*** Titled Tuesday Blitz"]
[Site "Chess.com"]
[Date "2020.05.26"]
[Round "7"]
[White "nubair1198"]
[Black "Agnes66678"]
[Result "1-0"]
[WhiteElo "2705"]
[BlackElo "2474"]
[TimeControl "180+1"]
[EndTime "11:21:03 PDT"]
[Termination "nubair1198 won by resignation"]

1. Nf3 Nf6 2. g3 g6 3. b3 Bg7 4.
Bb2 O-O 5. Bg2 d5 6. O-O c5 7. e3 Nc6 8. d4 b6 9. Nbd2 Bb7 10.
Ne5 Rc8 11. c4 cxd4 12. exd4 e6 13. Rc1 Qe7 14. Re1 Rfd8 15. Nxc6 Bxc6 16. c5 Ne4 17. cxb6 axb6 18. Nxe4 dxe4 19. Bxe4 Bxe4 20. Rxc8 Rxc8 21. Rxe4 Qb4 22. Qe2 Qa5 23. Rxe6 Qxa2 24. Re8+ Rxe8 25. Qxe8+ Bf8 26. Bc1 Qb1 27. Qc8 Kg7 28. Kg2 Qe4+ 29. Kh3 Qxd4 30. Bh6+ Kxh6 31. Qxf8+ Kh5 32. Qxf7 Qg4+ 33.
Kg2 Qb4 34. Qxh7+ Kg5 35. Qh4+ Qxh4 36. gxh4+ Kxh4 37. h3 b5 38. b4 Kg5 39. Kg3 Kf5 40.
f4 Ke6 41. Kg4 Kd5 42. Kg5 Kc4 43. Kxg6 Kxb4 44. f5 Kc3 45. f6 b4 46. f7 b3 47.
f8=Q b2 48. Qf5 1-0

[Event "*** Titled Tuesday Blitz"]
[Site "Chess.com"]
[Date "2020.05.26"]
[Round "7"]
[White "tteshan"]
[Black "Quattroporte300"]
[Result "1-0"]
[WhiteElo "2199"]
[BlackElo "2301"]
[TimeControl "180+1"]
[EndTime "11:21:05 PDT"]
[Termination "tteshan won by resignation"]

1. e4 e5 2. Nf3 Nc6 3. Bb5 a6 4. Ba4 Nf6 5. O-O Be7 6. Re1 b5 7.
Bb3 O-O 8. c3 d5 9. exd5 Nxd5 10. d3 Bg4 11. h3 Bh5 12. Qe2 Re8 13. Nbd2 Nf4 14. Qe4 Na5 15. Nxe5 Nxb3 16. Nxb3 Nd5 17. Bd2 Bf6 18. d4 Qd6 19. Qf5 g6 20. Qc2 Bxe5 21.
dxe5 Rxe5 22. g4 Bxg4 23. hxg4 Qe6 24. f3 Re8 25. Nd4 Qb6 26. Rxe5 Rxe5 27. Re1 Rxe1+ 28.
Bxe1 c5 29. Ne2 c4+ 30. Bf2 Qe6 31. Qe4 Qd7 32. Bd4 Ne7 33. Qe5 Kf8 34. Qh8+ Ng8 35. Qg7+ 1-0

[Event "*** Titled Tuesday Blitz"]
[Site "Chess.com"]
[Date "2020.05.26"]
[Round "7"]
[White "lelya96"]
[Black "Gromes7"]
[Result "1-0"]
[WhiteElo "2260"]
[BlackElo "2013"]
[TimeControl "180+1"]
[EndTime "11:21:05 PDT"]
[Termination "lelya96 won by resignation"]

1. e4 c5 2. Nf3 d6 3. d4 cxd4 4. Nxd4 Nf6 5. Nc3 Nc6 6. Be2 e5 7. Nb3 Be7 8. O-O O-O 9. f4 a5 10. a4 Nb4 11. Kh1 Be6 12. Be3 exf4 13. Bxf4 d5 14.
e5 Ne4 15. Nb5 Qb6 16. N3d4 Bc5 17. c3 Nc6 18. Bf3 Rac8 19. Qd3 Bxd4 20. Bxe4 dxe4 21. Qxe4 Bc5 22. Rad1 g6 23. Bg5 Bf5 24. Qe2 Nd8 25.
Nd6 Bxd6 26. exd6 Ne6 27. d7 Rc5 28. Be7 Qc6 29. Bxf8 Kxf8 30. d8=Q+ Nxd8 31. Rxd8+ Kg7 32. Rd2 Qxa4 33. Qe3 Qe4 34. Qxc5 Be6 35. Qd4+ Qxd4 36. Rxd4 b5 37. Rd6 Bc4 38. Re1 a4 39. Rd7 h5 40. g3 Kf6 41. Kg2 Kg7 42. Kf3 Kf6 43.
Kf4 Kg7 44. Kg5 Kh7 45. Kf6 Kh6 46. Re8 Kh7 47. Rdd8 1-0

[Event "*** Titled Tuesday Blitz"]
[Site "Chess.com"]
[Date "2020.05.26"]
[Round "7"]
[White "MoonlighT89"]
[Black "platy3"]
[Result "0-1"]
[WhiteElo "2542"]
[BlackElo "2699"]
[TimeControl "180+1"]
[EndTime "11:21:06 PDT"]
[Termination "platy3 won on time"]

1. e4 c5 2. Nf3 d6 3. d4 cxd4 4. Nxd4 Nf6 5. Nc3 Nc6 6. Nde2 g6 7. g3 Bg7 8. Bg2 O-O 9. O-O Bd7 10. b3 b5 11. Rb1 Rb8 12. Bb2 Qa5 13. Nd5 Nxd5 14. exd5 Ne5 15. f4 Ng4 16. Bxg7 Kxg7 17. Qd4+ Nf6 18.
Rb2 Rfc8 19. c3 Qc7 20. h3 h5 21. Re1 a5 22. Rc2 a4 23. Kh2 axb3 24. axb3 Ra8 25. Ng1 Bf5 26. Rcc1 Ra3 27. Qb4 Ra2 28. Re2 Qa7 29. Qxb5 Ng4+ 30. hxg4 hxg4 31. Rxa2 Rh8+ 32. Nh3 Qxa2 33. Kh1 Rxh3+ 34. Bxh3 Be4+ 35. Kg1 gxh3 0-1

[Event "*** Titled Tuesday Blitz"]
[Site "Chess.com"]
[Date "2020.05.26"]
[Round "7"]
[White "kuba2006"]
[Black "vidavi"]
[Result "0-1"]
[WhiteElo "2395"]
[BlackElo "2317"]
[TimeControl "180+1"]
[EndTime "11:21:06 PDT"]
[Termination "vidavi won by checkmate"]

1. e4 c6 2. d4 d6 3. Nc3 Nf6 4. f3 e5 5. Be3 Nbd7 6. Nge2 b5 7. g4 Nb6 8. Ng3 Be7 9. Bd3 b4 10. Nce2 a5 11. Qd2 Ba6 12. Bxa6 Rxa6 13. Qd3 Qa8 14. O-O-O g6 15. dxe5 dxe5 16. Bxb6 Rxb6 17. g5 O-O 18. gxf6 Bxf6 19. Kb1 a4 20. h4 c5 21. h5 Rc8 22. hxg6 hxg6 23. Qd5 Qa6 24. Nc1 Rd8 25. Qxd8+ Bxd8 26. Rxd8+ Kg7 27. Rg1 Kf6 28. Re8 Re6 29.
Rg8 c4 30. Nge2 c3 31. f4 cxb2 32. Nd3 b3 33. fxe5+ Ke7 34. Rf1 bxc2+ 35. Kxc2 Qc4+ 36. Nc3 Rc6 37. Kb1 Qxd3+ 38. Kxb2 Qxc3+ 39. Kb1 Rb6# 0-1

[Event "*** Titled Tuesday Blitz"]
[Site "Chess.com"]
[Date "2020.05.26"]
[Round "7"]
[White "GukeshDommaraju"]
[Black "pastouche06"]
[Result "0-1"]
[WhiteElo "2656"]
[BlackElo "2492"]
[TimeControl "180+1"]
[EndTime "11:21:09 PDT"]
[Termination "pastouche06 won by checkmate"]

1. e4 c6 2. d4 d5 3. exd5 cxd5 4. Bd3 Nc6 5. c3 Nf6 6. Bf4 Bg4 7. Qb3 Qc8 8. Nd2 e6 9. Ngf3 Be7 10. O-O Bh5 11.
Rae1 Bg6 12. Bxg6 hxg6 13. h3 O-O 14. Ne5 Nxe5 15. Bxe5 Nd7 16. Bf4 Qc6 17. Nf3 Bd6 18.
Bxd6 Qxd6 19. h4 Rab8 20. g3 b5 21. a3 a5 22. Qd1 b4 23. cxb4 axb4 24. a4 b3 25. Kg2 Nf6 26. Ne5 Rfc8 27. Re3 Qb4 28. h5 gxh5 29. Rh1 Rc2 30. Rf3 Rd2 31. Qb1 Rc8 32.
Rxf6 gxf6 33. Rxh5 Rcc2 34. Ng4 Qxd4 35. Qh1 Qe4+ 36.
Kh2 Rxf2+ 37. Nxf2 Rxf2+ 38. Kg1 Qe1# 0-1

[Event "*** Titled Tuesday Blitz"]
[Site "Chess.com"]
[Date "2020.05.26"]
[Round "7"]
[White "124chess"]
[Black "RobertoJBM"]
[Result "1/2-1/2"]
[WhiteElo "2754"]
[BlackElo "2588"]
[TimeControl "180+1"]
[EndTime "11:21:10 PDT"]
[Termination "Game drawn by repetition"]

1. c4 c6 2. Nf3 d5 3. e3 Nf6 4. Nc3 e6 5. b3 Nbd7 6. Bb2 Bd6 7.
g4 O-O 8. g5 Ne4 9. Qc2 f5 10. d3 Nxc3 11. Bxc3 Qe7 12. h4 e5 13.
Be2 a6 14. a4 e4 15. Nd2 Ne5 16. O-O-O Be6 17. Kb1 b5 18. c5 Bc7 19. Bxe5 Bxe5 20. a5 b4 21. f4 Bc7 22. d4 Bxa5 23. Kb2 Bc7 24. Ra1 a5 25. h5 Rfb8 26. h6 g6 27.
Ra4 Ra7 28. Nf1 Bc8 29. Ng3 Qf7 30. Rg1 Ba6 31. Bxa6 Rxa6 32. Ne2 Ra7 33. Rga1 Kf8 34. Nc1 Ke8 35. Na2 Rab7 36. Qe2 Kd7 37. Qa6 Qe8 38.
Nc1 Qc8 39. Qf1 Rb5 40. Ne2 Ke7 41. Ng3 Qe6 42. Qh3 Kd7 43. Rf1 Ke7 44. Rd1 Bd8 45.
Rda1 Bc7 46. Re1 Bd8 47. Rea1 Bc7 48. Re1 Bd8 49. Rea1 1/2-1/2

[Event "*** Titled Tuesday Blitz"]
[Site "Chess.com"]
[Date "2020.05.26"]
[Round "7"]
[White "Rozum_Ivan"]
[Black "VincentKeymer"]
[Result "0-1"]
[WhiteElo "2633"]
[BlackElo "2837"]
[TimeControl "180+1"]
[EndTime "11:21:12 PDT"]
[Termination "VincentKeymer won on time"]

1. d4 Nf6 2. c4 e6 3. Nf3 d5 4. g3 Bb4+ 5. Bd2 Be7 6. Bg2 O-O 7. O-O c6 8. Qc2 Nbd7 9. Rd1 b6 10. Bf4 Nh5 11. Bc1 Nhf6 12. Ne5 Nxe5 13. dxe5 Ng4 14.
cxd5 cxd5 15. e4 d4 16. Qa4 d3 17. h3 Nxe5 18. Nc3 Bc5 19. Bf4 Ng6 20. Bd2 Bd7 21. Qc4 Bc6 22. Be1 Ne5 23. Qb3 Qd4 24.
Kh2 Rfd8 25. Rac1 Rac8 26. Nb5 Qd7 27. Nc3 a5 28. a4 Qd4 29. Nb5 Bxb5 30. Qxb5 Bb4 31.
Rxc8 Rxc8 32. Bxb4 axb4 33. f4 Nc4 34. Qxb4 Qxb2 35.
Rb1 Qc2 36. Kh1 Ne3 37. Bf3 Qf2 0-1

[Event "*** Titled Tuesday Blitz"]
[Site "Chess.com"]
[Date "2020.05.26"]
[Round "7"]
[White "francyIM"]
[Black "Gurvich_Vitaly"]
[Result "1-0"]
[WhiteElo "2705"]
[BlackElo "2547"]
[TimeControl "180+1"]
[EndTime "11:21:12 PDT"]
[Termination "francyIM won on time"]

1. d4 d5 2. c4 dxc4 3. Nf3 Nf6 4.
e3 e6 5. Bxc4 a6 6. a4 c5 7. O-O Nc6 8. Nc3 cxd4 9. exd4 Nb4 10. Re1 Be7 11. Ne5 O-O 12. b3 b6 13. Ba3 Bb7 14. Qd2 Nbd5 15. Bxe7 Qxe7 16. Nxd5 Nxd5 17. Re4 Rac8 18. Rae1 g6 19. Qh6 f6 20. Nd3 Rce8 21.
h4 b5 22. axb5 axb5 23. Bxb5 Nc3 24. Rxe6 Qxe6 25. Bc4 Bd5 26. Rxe6 Rxe6 27. Nf4 Re1+ 28. Kh2 Bxc4 29. bxc4 Re4 30. d5 Rxc4 31. d6 Rf7 32. Ne6 Rc8 33. Qd2 Rd7 34. Nc7 Na4 35. Qa2+ Kg7 36. Qxa4 Rxd6 37. Ne8+ Rxe8 38. Qxe8 Rd5 39. g3 Re5 40. Qd7+ Kg8 41. Kg2 h5 42. Kf3 Kf8 43. Kf4 Re7 44. Qd8+ Kf7 45. Qh8 1-0

[Event "*** Titled Tuesday Blitz"]
[Site "Chess.com"]
[Date "2020.05.26"]
[Round "7"]
[White "lelajavakhishvili"]
[Black "Konek-Gorbunok"]
[Result "1-0"]
[WhiteElo "2513"]
[BlackElo "2248"]
[TimeControl "180+1"]
[EndTime "11:21:12 PDT"]
[Termination "lelajavakhishvili won by resignation"]

1. d4 d5 2. c4 e6 3. Nf3 c6 4. Qc2 f5 5. Bf4 Nf6 6. e3 Be7 7. Nc3 Ne4 8. h3 Nd7 9. Bd3 Ndf6 10. O-O O-O 11. Ne2 Bd7 12. Ne5 Be8 13. f3 Nd6 14. c5 Nf7 15. g4 g6 16. b4 Nd7 17.
Nxf7 Rxf7 18. Bh2 Bf6 19. Kh1 fxg4 20. fxg4 e5 21. e4 dxe4 22. Bc4 exd4 23. Qxe4 d3 24. Nd4 Nxc5 25. bxc5 Qxd4 26. Qxd4 Bxd4 27. Rad1 Bxc5 28. Rxd3 b5 29. Bb3 a5 30. Rdf3 Ra7 31. Rc1 Ba3 32. Bxf7+ Bxf7 33. Rxa3 Bd5+ 34. Kg1 b4 35. Re3 Bxa2 36.
Rxc6 Bf7 37. Be5 Bd5 38. Rc5 Ba2 39. Bd4 a4 40. Rc8+ 1-0

[Event "*** Titled Tuesday Blitz"]
[Site "Chess.com"]
[Date "2020.05.26"]
[Round "7"]
[White "AlanZhang"]
[Black "mortngabriel"]
[Result "0-1"]
[WhiteElo "2237"]
[BlackElo "2433"]
[TimeControl "180+1"]
[EndTime "11:21:12 PDT"]
[Termination "mortngabriel won on time"]

1. e4 e5 2. Nf3 Nc6 3. Bb5 a6 4. Ba4 Nf6 5. O-O Be7 6. Re1 b5 7. Bb3 O-O 8. h3 Bb7 9. d3 d5 10. exd5 Nxd5 11. Nc3 Nxc3 12. bxc3 Bf6 13. Bb2 Re8 14. Nd2 Na5 15. Ne4 Be7 16. d4 Bd6 17. Nxd6 cxd6 18. dxe5 dxe5 19. Ba3 Qg5 20. Qg4 Qxg4 21.
hxg4 Rac8 22. Bb4 Nc4 23. a4 a5 24. Bxc4 Rxc4 25. Bxa5 bxa4 26. f3 e4 27. Bb4 Ra8 28.
f4 f6 29. Kf2 Kf7 30. Red1 Bc6 31. Ke3 Rb8 0-1

[Event "*** Titled Tuesday Blitz"]
[Site "Chess.com"]
[Date "2020.05.26"]
[Round "7"]
[White "bluejay1897"]
[Black "JuliaEfremova"]
[Result "1-0"]
[WhiteElo "2364"]
[BlackElo "2212"]
[TimeControl "180+1"]
[EndTime "11:21:12 PDT"]
[Termination "bluejay1897 won by resignation"]

1. Nf3 Nf6 2. g3 g6 3. b3 Bg7 4. Bb2 O-O 5. Bg2 d6 6. d4 c6 7. c4 Nbd7 8. Nc3 Qc7 9. O-O a5 10.
Rc1 e5 11. e3 Rd8 12. Qe2 Qb8 13. Rfd1 Bf8 14. dxe5 dxe5 15. Ng5 Re8 16. h4 Nc5 17. Nce4 Ncxe4 18. Nxe4 Nxe4 19. Bxe4 a4 20. h5 axb3 21. hxg6 hxg6 22. axb3 Bg7 23. Kg2 Be6 24. Rh1 Ra2 25.
Bb1 Bg4 26. Qd2 Rxb2 27. Qxb2 e4 28. Qd2 Bf3+ 29. Kg1 Rd8 30. Qe1 Qe5 31. Rh4 Qg5 32. Bxe4 Bxe4 33. Rxe4 Rd3 34. Kg2 Rxb3 35. Re8+ Bf8 36.
Qd2 Qf6 37. Qd8 Qxd8 38. Rxd8 Kg7 39. Rd7 Rb2 40. Kf3 Bc5 41. Rcd1 Bf8 42. Rc7 Rb4 43.
Rdd7 Rxc4 44. Rxf7+ Kg8 45. Rxb7 Rc2 46. Rfc7 c5 47. Rb8 1-0

[Event "*** Titled Tuesday Blitz"]
[Site "Chess.com"]
[Date "2020.05.26"]
[Round "7"]
[White "cioxminator"]
[Black "NotFischer"]
[Result "1-0"]
[WhiteElo "2412"]
[BlackElo "2133"]
[TimeControl "180+1"]
[EndTime "11:21:12 PDT"]
[Termination "cioxminator won on time"]

1. e4 g6 2. d4 Bg7 3. Nc3 c6 4. f3 d5 5. Be3 dxe4 6. fxe4 Nf6 7. Nf3 O-O 8. Bc4 Ng4 9. Bg1 e5 10. d5 Nd7 11. Qe2 Qa5 12. O-O-O Nb6 13. Bb3 cxd5 14.
Nxd5 Nxd5 15. Rxd5 Qc7 16. h3 Nf6 17. Rc5 Qd8 18.
Nxe5 Nh5 19. Bh2 Qg5+ 20. Kb1 Nf4 21. Bxf4 Qxf4 22. Nxf7 Qf6 23. e5 Qe7 24. Nd6+ Kh8 25. Re1 Be6 26. Bxe6 Qxe6 27. Rc7 Rad8 28. a3 Rxd6 29.
exd6 Qxd6 30. Rxb7 Qd4 31. Qe7 a5 32. Qd7 Qf6 33.
Re7 Qf2 34. Rxg7 Qf1+ 35. Ka2 Qc4+ 36. Rb3 1-0

[Event "*** Titled Tuesday Blitz"]
[Site "Chess.com"]
[Date "2020.05.26"]
[Round "7"]
[White "ChessMavenYeti"]
[Black "JiangoFett"]
[Result "0-1"]
[WhiteElo "2095"]
[BlackElo "2334"]
[TimeControl "180+1"]
[EndTime "11:21:13 PDT"]
[Termination "JiangoFett won by resignation"]

1. e4 c5 2. c4 Nc6 3. Nc3 g6 4. g3 Bg7 5. Bg2 d6 6. h3 e6 7.
Nge2 Nge7 8. O-O O-O 9. f4 Bd7 10. d3 Nd4 11. Be3 a6 12. a4 Nec6 13. g4 Nb4 14.
Rc1 Rb8 15. Kh2 Kh8 16. Ng3 f5 17. g5 e5 18. exf5 Bxf5 19. Nxf5 Nxf5 20. Bg1 exf4 21.
Rxf4 Qxg5 22. Qg4 Qxf4+ 23. Qxf4 Be5 24. Qxe5+ dxe5 25. Be4 Nd4 26. Re1 b6 27. Kg2 Rbe8 28. Bh2 Nbc2 29. Rg1 Ne3+ 30. Kh1 Nf3 31. Bxf3 Rxf3 32.
Re1 Rxh3 33. Kg1 Ng4 34. Nd5 Nxh2 35. Kg2 Rh5 36. Nf6 Rg5+ 37. Kxh2 Rf8 38. Ne4 Rg4 39. Re3 Rgf4 40. Rh3 R8f5 41. Kg2 Rh5 42. Re3 Rhf5 43.
Ng3 Rg5 44. Kh3 h5 45. Ne4 Rgg4 46. Nd6 Rd4 47. Nf7+ Kg7 48. Nxe5 Rh4+ 49. Kg3 Rhf4 50. Nc6 Rg4+ 51. Kf3 Rdf4+ 52. Ke2 h4 53. Re7+ Kh6 54.
Rb7 h3 55. Ne5 h2 56. Nxg4+ Rxg4 57. Rb8 Rh4 58. Rh8+ Kg5 0-1

[Event "*** Titled Tuesday Blitz"]
[Site "Chess.com"]
[Date "2020.05.26"]
[Round "7"]
[White "Shota_Azaladze"]
[Black "Abund"]
[Result "1-0"]
[WhiteElo "2833"]
[BlackElo "2604"]
[TimeControl "180+1"]
[EndTime "11:21:14 PDT"]
[Termination "Shota_Azaladze won on time"]

1. Nf3 Nf6 2. g3 g6 3. Bg2 Bg7 4. O-O O-O 5. d3 d5 6. Nbd2 c5 7.
e4 Nc6 8. Re1 e5 9. c3 h6 10. a3 Re8 11. b4 dxe4 12. dxe4 Qe7 13. Nc4 Rd8 14. Qe2 b5 15. Ne3 a6 16. Nd5 Nxd5 17. exd5 Rxd5 18. Nd4 Nxd4 19. cxd4 Bb7 20. Bxd5 Bxd5 21. dxc5 Qe6 22. Bb2 Qf5 23. g4 Qf4 24. h3 Re8 25. Qe3 Qxe3 26. Rxe3 f6 27. Rd1 Bb7 28.
Rd7 Bc8 29. Rc7 Rd8 30. Bc3 Be6 31. f4 Bc4 32. fxe5 fxe5 33. Bxe5 Bf8 34. Bc3 Rd1+ 35. Kf2 Rf1+ 36. Kg2 Rc1 37. Rc8 Rc2+ 38. Kg3 Kf7 39. Rf3+ Ke6 40. Rcxf8 Bd5 41. Re3+ Kd7 42. Rf2 Rc1 43. Rd3 Rg1+ 44. Kf4 Ke6 45. Re2+ Kf7 46. Rxd5 g5+ 47. Ke5 1-0

[Event "*** Titled Tuesday Blitz"]
[Site "Chess.com"]
[Date "2020.05.26"]
[Round "7"]
[White "SirMittensofMittensville"]
[Black "keepitcool9499"]
[Result "0-1"]
[WhiteElo "2603"]
[BlackElo "2460"]
[TimeControl "180+1"]
[EndTime "11:21:14 PDT"]
[Termination "keepitcool9499 won by resignation"]

1. e4 e6 2. d4 d5 3. Nd2 c5 4.
exd5 Qxd5 5. Ngf3 cxd4 6. Bc4 Qd6 7. O-O Nc6 8. Nb3 Nf6 9. Nbxd4 Nxd4 10. Nxd4 Be7 11. c3 O-O 12. Qf3 e5 13. Nf5 Bxf5 14.
Qxf5 Qd7 15. Qxe5 Bd6 16. Qd4 Rfe8 17. Bb3 Rad8 18. Bg5 Qf5 19. Bxf6 gxf6 20. Qc4 Re7 21. Rad1 Bc7 22. Rxd8+ Bxd8 23. g3 b5 24. Qc6 Bb6 25. c4 bxc4 26. Qxc4 h5 27. Kg2 h4 28. Qxh4 Re2 29. g4 Qe4+ 30. Kg1 Kg7 31. Qg3 Rxb2 32. h4 Rd2 33. g5 Qf5 34. gxf6+ Kxf6 35. Qc3+ Kg6 36. Qg3+ Kh7 37. Kg2 Rd3 38. Qg5 Qh3+ 39. Kg1 Rg3+ 40. Qxg3 Qxg3+ 41. Kh1 Bxf2 0-1

[Event "*** Titled Tuesday Blitz"]
[Site "Chess.com"]
[Date "2020.05.26"]
[Round "7"]
[White "rpragchess"]
[Black "antoszu"]
[Result "1-0"]
[WhiteElo "2822"]
[BlackElo "2505"]
[TimeControl "180+1"]
[EndTime "11:21:16 PDT"]
[Termination "rpragchess won by resignation"]

1. a3 g6 2. Nf3 Bg7 3. e4 c5 4. Nc3 Nc6 5. Rb1 a5 6. Bc4 e6 7.
d4 cxd4 8. Nb5 d6 9. Nbxd4 Nge7 10. O-O O-O 11. Be3 d5 12. exd5 exd5 13. Be2 Bg4 14.
h3 Bxf3 15. Nxf3 Nf5 16. Bf4 Re8 17. Bd3 Nd6 18. Re1 Ne4 19. c4 Nc5 20. Rxe8+ Qxe8 21. cxd5 Nxd3 22. Qxd3 Rd8 23. Qb5 Qe4 24. Re1 Qxf4 25.
dxc6 bxc6 26. Qxa5 Qd6 27. b4 Bc3 28. Rc1 Bb2 29.
Rb1 Bc3 30. Qa6 Qd5 31. Qe2 Ra8 32. Rd1 Qb5 33. Qe7 Qc4 34. h4 Qe6 35. Qc5 Rxa3 36.
Rd8+ Kg7 37. Qf8+ Kf6 38. Rd6 Ra1+ 39. Kh2 1-0

[Event "*** Titled Tuesday Blitz"]
[Site "Chess.com"]
[Date "2020.05.26"]
[Round "7"]
[White "dennisodessa"]
[Black "UCantHandleDenker"]
[Result "0-1"]
[WhiteElo "2251"]
[BlackElo "2461"]
[TimeControl "180+1"]
[EndTime "11:21:17 PDT"]
[Termination "UCantHandleDenker won by resignation"]

1. d4 Nf6 2. c4 d6 3. Nc3 Nbd7 4.
e4 e5 5. d5 Be7 6. Be3 O-O 7.
Bd3 Nc5 8. Bc2 a5 9. Qd2 Ng4 10. Bxc5 dxc5 11. Nf3 Bd6 12. O-O-O Bd7 13. h3 Nf6 14. g4 a4 15. Rdg1 a3 16. b3 Qb8 17.
Bd3 b5 18. cxb5 c4 19. Bxc4 Qb6 20. Nh4 Bb4 21. Nf5 Nxe4 22. Nxe4 Bxd2+ 23. Nxd2 Bxf5 24. gxf5 Qd4 25. f6 g6 26. h4 Qb2+ 27. Kd1 Qxa2 28. h5 Kh8 29. hxg6 fxg6 30. Ke2 Rxf6 31. Rg2 Raf8 32. Rgh2 Rxf2+ 33. Rxf2 Rxf2+ 34. Kxf2 Qxd2+ 35. Kg3 Kg7 36. b6 cxb6 37. Ra1 Qc3+ 38. Kg4 Qxa1 0-1

[Event "*** Titled Tuesday Blitz"]
[Site "Chess.com"]
[Date "2020.05.26"]
[Round "7"]
[White "vladislavkovalev"]
[Black "Raja3401"]
[Result "1-0"]
[WhiteElo "2888"]
[BlackElo "2712"]
[TimeControl "180+1"]
[EndTime "11:21:18 PDT"]
[Termination "vladislavkovalev won by resignation"]

1. e4 c5 2. Be2 Nc6 3. d3 d5 4.
f4 dxe4 5. dxe4 Qxd1+ 6. Bxd1 g6 7. c3 Bg7 8. Be3 e5 9. Nf3 exf4 10. Bxf4 Bg4 11. Nbd2 O-O-O 12. Bb3 Nf6 13. Kf2 Rhe8 14.
Rhe1 Bxf3 15. gxf3 Ne5 16. Bc2 Nh5 17. Be3 Nd3+ 18.
Bxd3 Rxd3 19. Nc4 b6 20. Rad1 Red8 21. Rxd3 Rxd3 22. a4 Bf6 23. Ke2 Rd7 24. f4 Bh4 25. Rc1 Re7 26. Kf3 Nf6 27. e5 Nd5 28. Ke4 Nxe3 29.
Nxe3 Re6 30. Rf1 f5+ 31. Kd5 Kd7 32. Nc4 Bd8 33. Rf3 Bc7 34. Rh3 Re7 35. b4 cxb4 36.
cxb4 Bb8 37. b5 Bc7 38. Nd6 h5 39. Nc4 Rg7 40. Rg3 h4 41. Rg2 Ke7 42. Ne3 Rg8 43.
Nxf5+ Kd7 44. Nxh4 Rh8 45. Nxg6 1-0

[Event "*** Titled Tuesday Blitz"]
[Site "Chess.com"]
[Date "2020.05.26"]
[Round "7"]
[White "Revnov"]
[Black "Infernal_XaM"]
[Result "1-0"]
[WhiteElo "2725"]
[BlackElo "2834"]
[TimeControl "180+1"]
[EndTime "11:21:19 PDT"]
[Termination "Revnov won by resignation"]

1. b3 e5 2. Bb2 d6 3. e3 f5 4.
d4 e4 5. d5 Nf6 6. Nh3 Nbd7 7.
Nf4 Ne5 8. Bb5+ Kf7 9. Nc3 h5 10. h4 g6 11. Qd2 Nfg4 12. Be2 Bg7 13. f3 exf3 14. gxf3 Nf6 15. O-O-O Bh6 16. Nb5 Qe7 17. Nd4 Rg8 18. Rhg1 c6 19. Nde6 Nxd5 20. Nxd5 Qxe6 21. Nf4 Qe7 22. Qxd6 Qxd6 23. Rxd6 Re8 24. Kb1 Bf8 25. Bxe5 Rxe5 26. Bc4+ Ke7 27. Rd3 Ke8 28. Nxg6 Ra5 29.
Nxf8 Kxf8 30. Rg8+ Ke7 31. Rdd8 Re5 32. Rxc8 Rxc8 33.
Rxc8 b5 34. Bd3 Rxe3 35. Bxf5 Rxf3 36. Bg6 Rf4 37. Bxh5 Kd6 38. Be2 Rxh4 39. Bd3 a6 40.
Ra8 1-0

[Event "*** Titled Tuesday Blitz"]
[Site "Chess.com"]
[Date "2020.05.26"]
[Round "7"]
[White "zmeeed67"]
[Black "kuban1991"]
[Result "0-1"]
[WhiteElo "2460"]
[BlackElo "2718"]
[TimeControl "180+1"]
[EndTime "11:21:19 PDT"]
[Termination "kuban1991 won by resignation"]

1. d4 g6 2. c4 Bg7 3. Nc3 c5 4.
d5 Bxc3+ 5. bxc3 f5 6. g4 fxg4 7. h3 g3 8. fxg3 Qa5 9. e4 Qxc3+ 10. Bd2 Qxg3+ 11. Ke2 Nf6 12. Qc2 O-O 13. Re1 Na6 14. Kd1 d6 15. Bd3 Nb4 16. Bxb4 cxb4 17. Ne2 Qe5 18.
Reg1 a5 19. Rg3 a4 20. Rhg1 b3 21. axb3 axb3 22. Qxb3 Bd7 23. Nc3 Ra1+ 24. Kd2 Rxg1 25. Rxg1 Qh2+ 26. Ne2 Bxh3 27. Qxb7 Nd7 28. Re1 Ne5 29.
Qxe7 Nf3+ 30. Kd1 Nxe1 31. Kxe1 Bg4 32. c5 Bxe2 33. Qe6+ Kg7 34. Bxe2 Qg1+ 35. Kd2 Qxc5 36. Bd3 Rf2+ 37. Kd1 Qd4 38. Qe7+ Rf7 39. Qxd6 Qxd3+ 0-1

[Event "*** Titled Tuesday Blitz"]
[Site "Chess.com"]
[Date "2020.05.26"]
[Round "7"]
[White "BikingBrian"]
[Black "AwareIdea"]
[Result "0-1"]
[WhiteElo "2261"]
[BlackElo "2517"]
[TimeControl "180+1"]
[EndTime "11:21:19 PDT"]
[Termination "AwareIdea won on time"]

1. d4 d5 2. Bf4 Nf6 3. e3 c5 4. Nc3 a6 5. dxc5 e6 6. Na4 Bxc5 7.
Nxc5 Qa5+ 8. c3 Qxc5 9. Nf3 Nc6 10.
Be2 O-O 11. O-O b5 12. Ne5 Bb7 13. Nxc6 Qxc6 14. Bf3 h6 15. Qd4 Qc4 16. b3 Qc8 17. Bxh6 Re8 18. Qe5 Qd8 19. Qg5 g6 20. Qe5 Rc8 21.
Rac1 Kh7 22. Bg5 Nd7 23. Qg3 f6 24. Qh4+ Kg8 25. Bh6 Re7 26. Qg3 Kh7 27. Bf4 e5 28. c4 exf4 29. Qxf4 bxc4 30. bxc4 Re5 31. cxd5 Bxd5 32.
Rcd1 Bxf3 33. Qxf3 Qe7 34. Rd2 Nc5 35. Rfd1 Kg7 36. Qf4 Rc7 37. Qc4 Ne4 0-1

[Event "*** Titled Tuesday Blitz"]
[Site "Chess.com"]
[Date "2020.05.26"]
[Round "7"]
[White "MightyGMpretender"]
[Black "Djager97"]
[Result "1-0"]
[WhiteElo "2547"]
[BlackElo "2386"]
[TimeControl "180+1"]
[EndTime "11:21:19 PDT"]
[Termination "MightyGMpretender won on time"]

1. Nf3 d5 2. g3 Nf6 3. Bg2 e6 4. O-O Be7 5. c4 c6 6. d3 O-O 7. Nc3 b6 8. e4 Bb7 9. cxd5 cxd5 10. e5 Nfd7 11. h4 Nc6 12. Re1 a6 13. Bg5 d4 14. Nxd4 Nxd4 15. Bxb7 Ra7 16. Bxe7 Qxe7 17. Bg2 Rd8 18. Rc1 b5 19. Qg4 Nc5 20. Red1 Rad7 21. Ne4 Nxe4 22. Qxe4 Qb4 23. Rb1 Qa4 24.
a3 Qb3 25. Rdc1 h6 26. Rc3 Qa2 27. Rcc1 Nb3 28. Rd1 Rxd3 29. Rxd3 Qxb1+ 30. Bf1 Rxd3 31. Qxd3 Qxb2 32. Qd8+ Kh7 33. Bd3+ g6 34. Qf6 Qc1+ 35. Kh2 Kg8 36. Qd8+ Kh7 37. h5 1-0

[Event "*** Titled Tuesday Blitz"]
[Site "Chess.com"]
[Date "2020.05.26"]
[Round "7"]
[White "Nastya_Rakhmangulova"]
[Black "SoltaniciR"]
[Result "0-1"]
[WhiteElo "2303"]
[BlackElo "2474"]
[TimeControl "180+1"]
[EndTime "11:21:19 PDT"]
[Termination "SoltaniciR won by resignation"]

1. e4 c5 2. Nf3 d6 3. d4 cxd4 4. Nxd4 Nf6 5. Nc3 a6 6. h4 Nc6 7.
Be2 e5 8. Nb3 Be6 9. Be3 d5 10.
exd5 Nxd5 11. Nxd5 Qxd5 12. Qxd5 Bxd5 13. O-O-O Bxg2 14.
Rhg1 Bh3 15. Nc5 Bxc5 16. Bxc5 Rg8 17. Bf3 Rc8 18. c3 Be6 19. Bd6 f6 20. Be4 g6 21.
Kb1 Kf7 22. h5 Bf5 23. hxg6+ hxg6 24. Bxf5 gxf5 25. Rh1 Rcd8 26. Bc5 Rxd1+ 27. Rxd1 Rd8 28. Rh1 Ke6 29. Kc2 Rd7 30. Rh8 f4 31. Re8+ Kf5 32.
Rf8 Nd8 33. Bb6 Ne6 34. Re8 Rd6 35.
Ba7 e4 36. Re7 b6 37. Rb7 e3 38. fxe3 f3 39. Bxb6 Rxb6 40. Rxb6 f2 0-1

[Event "*** Titled Tuesday Blitz"]
[Site "Chess.com"]
[Date "2020.05.26"]
[Round "7"]
[White "SamuelGhimpu2003"]
[Black "miruna_daria28"]
[Result "1-0"]
[WhiteElo "2564"]
[BlackElo "2265"]
[TimeControl "180+1"]
[EndTime "11:21:20 PDT"]
[Termination "SamuelGhimpu2003 won on time"]

1. f4 d5 2. Nf3 Nf6 3. g3 c5 4. Bg2 g6 5. O-O Bg7 6. d3 O-O 7. Qe1 Re8 8. e4 dxe4 9. dxe4 e5 10. Nxe5 Rxe5 11. fxe5 Ng4 12. Nc3 Nxe5 13. Nd5 Be6 14.
Be3 b6 15. Rd1 Nbd7 16. b3 Ng4 17. Bc1 Rc8 18. Kh1 c4 19. Nf4 cxb3 20. Nxe6 fxe6 21. cxb3 Rc2 22. Rf4 Nge5 23. Rf2 Rxf2 24. Qxf2 Qe7 25. Bb2 Nc5 26. Qd4 Bf6 27. Qd2 Kg7 28. h3 Ncd3 29. Rf1 Nxb2 30. Qxb2 Nd7 31. Qe2 Ne5 32. Rd1 a5 33. Qe3 Qc7 34. Bf1 1-0

[Event "*** Titled Tuesday Blitz"]
[Site "Chess.com"]
[Date "2020.05.26"]
[Round "7"]
[White "Shield12"]
[Black "oneshot007"]
[Result "1-0"]
[WhiteElo "2794"]
[BlackElo "2441"]
[TimeControl "180+1"]
[EndTime "11:21:21 PDT"]
[Termination "Shield12 won on time"]

1. e4 g6 2. d4 Nf6 3. Nf3 Nxe4 4. Bd3 d5 5. O-O Bg7 6. Re1 Nd6 7. Nc3 c6 8. Bg5 f6 9. Bf4 O-O 10. h3 Re8 11. Na4 Nf7 12. Bxb8 Rxb8 13. c4 e5 14. cxd5 cxd5 15. Bb5 Rf8 16. dxe5 fxe5 17. Bf1 e4 18. Nd4 Qf6 19. Nb3 Ng5 20. Qxd5+ Be6 21. Qd2 Bxh3 22. Nac5 Rbd8 23. Qe3 b6 24. Na4 Bg4 25. Nc3 Rde8 26. Be2 Bf3 27. Nd5 Qf5 28. Nf4 Qg4 29. Nd4 Nh3+ 30.
Kf1 Nxf4 31. Bxf3 exf3 32. Qxf3 Qc8 33. Nc6 Ne6 34. Qd5 Rf6 35. Rac1 Qa6+ 36. Kg1 1-0